 Dungeon Crawl Stone Soup version 0.30-b1-2-g02819fbbbe (webtiles) character file.

Game seed: 7145010351787175653

831 Alarkh the Shooter (level 7, -1/53 HPs)
             Began as a Demonspawn Hexslinger on July 9, 2023.
             Succumbed to a gnoll sergeant's poison
             ... on level 5 of the Dungeon.
             The game lasted 00:08:57 (4362 turns).

Alarkh the Shooter (Demonspawn Hexslinger)          Turns: 4362, Time: 00:08:58

Health: -1/53      AC: 14    Str: 13    XL:     7   Next: 65%
Magic:  11/11      EV: 11    Int: 17    God:
Gold:   27         SH:  0    Dex: 17    Spells: 7/11 levels left

rFire   . . .        b - +0 sling (drain)
rCold   . . .        (no shield)
rNeg    . . .        w - +4 ring mail "Egeoz" {Fly Dex+4}
rPois   .            (helmet restricted)
rElec   .            (no cloak)
rCorr   .            D - +2 pair of gloves {Str+3}
SInv    .            y - +1 pair of boots
Will    .....        n - amulet of magic regeneration
Stlth   +            t - ring of wizardry
HPRegen 0.28/turn    (no ring)
MPRegen 0.52/turn

%: wizardry (x1)
@: lethally poisoned (-1 -> -24), flying, studying Throwing
A: powered by death 1, demonic touch 1, horns 1, subdued magic 1
a: no special abilities


You were on level 5 of the Dungeon.
You visited 2 branches of the dungeon, and saw 6 of its levels.

You collected 225 gold pieces.
You spent 198 gold pieces at shops.

Inventory:

Hand Weapons
 a - a +1 sling
 b - a +0 sling of draining (weapon)
Armour
 w - the +4 ring mail "Egeoz" (worn) {Fly Dex+4}
   (You found it on level 3 of the Dungeon)

   Dex:       It affects your dexterity (+4).
   Fly:       It grants you flight.
 y - a +1 pair of boots (worn)
 D - a +2 pair of gloves of strength (worn)
Magical Staves
 A - a staff of conjuration
Jewellery
 k - an amulet of faith
 n - an amulet of magic regeneration (around neck)
 t - a ring of wizardry (left hand)
Wands
 B - a wand of flame (2)
Scrolls
 c - a scroll of immolation {unknown}
 d - a scroll of enchant armour
 f - 2 scrolls of noise
 m - a scroll of fog {unknown}
 o - a scroll of amnesia {unknown}
 p - 3 scrolls of teleportation
 s - a scroll of enchant weapon {unknown}
 u - a scroll of torment {unknown}
 v - a scroll of acquirement {unknown}
 x - a scroll of poison
 C - a scroll of vulnerability {unknown}
 E - a scroll of blinking {unknown}
Potions
 e - a potion of berserk rage
 g - a potion of brilliance
 h - 3 potions of degeneration {unknown}
 i - a potion of mutation
 j - a potion of resistance
 l - a potion of heal wounds
 q - a potion of lignification {unknown}
 r - 3 potions of attraction {unknown}
 z - 2 potions of might {unknown}


   Skills:
 + Level 3.8 Fighting
 * Level 5.3 Ranged Weapons
 - Level 1.7 Dodging
 + Level 2.7 Spellcasting
 + Level 4.2 Hexes
 + Level 2.6 Translocations


You had 7 spell levels left.
You knew the following spells:

 Your Spells              Type           Power      Damage    Failure   Level
a - Portal Projectile     Hex/Tloc       20%        N/A       10%         3
b - Slow                  Hex            48%        N/A       2%          1

Your spell library contained the following spells:

 Spells                   Type           Power      Damage    Failure   Level
 Inner Flame              Hex/Fire       7%         N/A       17%         3
 Cigotuvi's Dreadful Rot  Necr/Pois/Air  2%         N/A       21%         2
 Cause Fear               Hex            6%         N/A       24%         4
 Ignite Poison            Fire/Tmut/Pois 1%         N/A       38%         3
 Anguish                  Hex/Necr       3%         N/A       50%         4
 Freezing Cloud           Conj/Ice/Air   0%         6-21      98%         5
 Enfeeble                 Hex            6%         N/A       100%        7


Dungeon Overview and Level Annotations

Branches:
Dungeon (5/15)             Temple (1/1) D:4

Altars:
Fedhas
Gozag
Hepliaklqana
Qazlal
Trog
Vehumet
Wu Jian
Yredelemnul
Lugonu

Shops:
D:4 *   D:5 [=[*:


Innate Abilities, Weirdness & Mutations

You regenerate a little health from kills.
Your touch may inflict minor irresistible damage on your foes.
You have a pair of small horns on your head.
Your spells are a little easier to cast, but a little less powerful.


Message History

The gnoll sergeant hits you but does no damage.
You are more poisoned.
You shoot a sling bullet.
The sling bullet barely misses the gnoll sergeant.
The sling bullet closely misses the gnoll.
The sling bullet hits the gnoll.
You drain the gnoll.
The gnoll is almost dead.
* * * LOW HITPOINT WARNING * * *
You feel extremely sick.
The gnoll sergeant hits you but does no damage.
You are more poisoned.
You shoot a sling bullet.
The sling bullet closely misses the gnoll sergeant.
The sling bullet barely misses the gnoll.
The sling bullet hits the gnoll!
You kill the gnoll!
* * * LOW HITPOINT WARNING * * *
You feel extremely sick.
The gnoll sergeant hits you with a +2 trident of venom.
* * * LOW HITPOINT WARNING * * *
You are more poisoned.
You feel much better.
* * * LOW HITPOINT WARNING * * *
You feel extremely sick.
The gnoll sergeant hits you with a +2 trident of venom.
* * * LOW HITPOINT WARNING * * *
Unknown command.
You shoot a sling bullet.
The sling bullet barely misses the gnoll sergeant.
The sling bullet barely misses the gnoll.
The sling bullet hits the gnoll.
You drain the gnoll.
The gnoll is severely wounded.
* * * LOW HITPOINT WARNING * * *
You feel very sick.
The gnoll sergeant hits you but does no damage.
You are more poisoned.
You shoot a sling bullet.
The sling bullet hits the gnoll sergeant.
The gnoll sergeant is severely wounded.
You die...

#################
#...@gggg...!....
#.#######.......#
#.# #.##.#### #.#
#g. # ####.# #g.#
#....#######..#
#.###.....##..#
#.###.........g
#.#........#.


You could see a gnoll sergeant (very drained) and 3 gnolls.

Vanquished Creatures
  A black bear (D:4)
  2 phantoms (D:4)
  2 scorpions (D:5)
  A bullfrog (D:5)
  A hound (D:5)
  An orc priest (D:4)
  2 sleepcaps
  2 iguanas (D:5)
  2 orc wizards (D:4)
  3 gnolls
  10 adders
  A white imp (D:5)
  5 dart slugs
  6 orcs
  6 ball pythons
  3 endoplasms
  3 giant cockroaches
  6 hobgoblins
  2 kobolds
  2 quokkas
  6 bats
  3 frilled lizards
  7 goblins
  4 rats
81 creatures vanquished.

Notes
Turn   | Place    | Note
-------+----------+-------------------------------------------
     0 | D:1      | Alarkh the Demonspawn Hexslinger began the quest for the
                  | Orb.
     0 | D:1      | Reached XP level 1. HP: 15/15 MP: 2/2
   135 | D:1      | Reached skill level 2 in Ranged Weapons
   182 | D:1      | Gained mutation: You regenerate a little health from kills.
                  | [demonic ancestry]
   182 | D:1      | Reached XP level 2. HP: 5/21 MP: 3/3
  1100 | D:2      | Reached XP level 3. HP: 27/27 MP: 4/4
  1237 | D:2      | Learned a level 3 spell: Portal Projectile
  1417 | D:2      | Reached skill level 3 in Ranged Weapons
  2047 | D:3      | Found a stormy altar of Qazlal.
  2070 | D:3      | Reached XP level 4. HP: 33/33 MP: 5/5
  2147 | D:3      | Gained mutation: You have a pair of small horns on your
                  | head. [potion of mutation]
  2147 | D:3      | Gained mutation: Your spells are a little easier to cast,
                  | but a little less powerful. [potion of mutation]
  2558 | D:3      | Identified the +4 ring mail "Egeoz" {Fly Dex+4}
  2973 | D:4      | Noticed a black bear
  3133 | D:4      | Found a staircase to the Ecumenical Temple.
  3136 | D:4      | Noticed a phantom
  3137 | D:4      | Noticed a phantom
  3139 | D:4      | Discovered your monstrous ancestry.
  3139 | D:4      | Gained mutation: Your touch may inflict minor irresistible
                  | damage on your foes. [demonic ancestry]
  3139 | D:4      | Reached XP level 5. HP: 39/39 MP: 6/6
  3206 | D:4      | Killed a phantom
  3207 | D:4      | Reached skill level 4 in Ranged Weapons
  3207 | D:4      | Reached skill level 1 in Translocations
  3235 | D:4      | Killed a phantom
  3236 | D:4      | Reached XP level 6. HP: 7/46 MP: 8/8
  3526 | Temple   | Entered the Ecumenical Temple
  3875 | D:4      | Found Egruidgh's Assorted Antiques.
  3884 | D:4      | Bought a scroll of teleportation for 60 gold pieces
  3884 | D:4      | Bought a potion of heal wounds for 100 gold pieces
  3884 | D:4      | Bought a scroll labelled KEDYMELOTH for 20 gold pieces
  3884 | D:4      | Bought a golden potion for 18 gold pieces
  3997 | D:5      | Entered Level 5 of the Dungeon
  3997 | D:5      | Found Xer Merch's Book Boutique.
  3997 | D:5      | Found Tucin's Assorted Antiques.
  4005 | D:5      | Reached XP level 7. HP: 51/52 MP: 10/10
  4098 | D:5      | Reached skill level 5 in Ranged Weapons
  4127 | D:5      | Found Xizoddok's Jewellery Emporium.
  4183 | D:5      | Found Ufyhaure's Antique Armour Boutique.
  4214 | D:5      | Found Liupihex's Armour Shoppe.
  4362 | D:5      | Succumbed to a gnoll sergeant's poison

Illustrated notes

Levels and vault maps discovered:
D:1:      lightli_arrival_maybe_door_vault, layout_basic
D:2:      minmay_inner_zag, layout_basic
D:3:      layout_loops_ring, mainiacjoe_overflow_six_doors_small,
          kennysheep_generic_room_2
D:4:      layout_rooms, minmay_temple_entry_sparse_star, serial_shops,
          nicolae_shop_dealshenge, minmay_between
D:5:      layout_basic, kennysheep_mini, zin_academy, serial_shops,
          nicolae_square_shop, shop, nicolae_shop_dealshenge,
          nicolae_shop_tiny_statue_garden, nicolae_shop_rolling_square
Temple:   corrupted_temple

Skill      XL: |  1  2  3  4  5  6  7 |
---------------+----------------------+-----
Ranged Weapons | 2 3 4 5 |  5.3
Fighting       | 2 3 |  3.8
Translocations | 1 2 |  2.6
Spellcasting   | 2 |  2.7
Hexes          | 4 |  4.2
Dodging        | |  1.7

Action                     |  1- 3 |  4- 6 |  7- 9 || total
---------------------------+-------+-------+-------++-------
  Melee: Sling             |       |     5 |       ||     5
   Fire: Sling             |   161 |   214 |    69 ||   444
   Cast: Portal Projectile |       |     4 |       ||     4
    Use: Potion            |     3 |     3 |     2 ||     8
         Scroll            |     4 |     4 |       ||     8
 Armour: Robe              |    26 |     7 |       ||    33
         Ring mail         |       |    76 |    27 ||   103
  Dodge: Dodged            |    78 |    92 |    27 ||   197
